 Dungeon Crawl Stone Soup version 0.23.2-1-ga50397a (webtiles) character file.

Game seed: 1005246538921038286

9774 MalarOregon the Spear-Bearer (level 11, -4/87 HPs)
             Began as a Merfolk Fighter on May 20, 2019.
             Was an Elder of Yredelemnul.
             Slain by a minotaur (8 damage)
             ... in a Gauntlet.
             The game lasted 00:26:06 (11762 turns).

MalarOregon the Spear-Bearer (Merfolk Fighter)     Turns: 11762, Time: 00:26:06

Health: -4/87      AC: 14    Str: 19    XL:     11   Next: 51%
Magic:  11/11      EV:  8    Int: 11    God:    Yredelemnul [****..]
Gold:   580        SH:  0    Dex: 13    Spells: 10/10 levels left

rFire    + . .     SeeInvis .   a - +0 trident
rCold    . . .     Gourm    .   H - +0 shield
rNeg     . . .     Faith    .   b - +2 scale mail
rPois    +         Spirit   .   g - +0 helmet
rElec    .         Reflect  .   (no cloak)
rCorr    .         Harm     .   q - +0 pair of gloves
MR       .....     NoTele   +   m - +0 pair of boots "Ogaoghy" {rF+ Regen+} (curse)
Stlth    ..........             w - amulet of magic regeneration
HPRegen  0.64/turn              F - ring of poison resistance
MPRegen  0.37/turn              p - ring of stealth

@: confused, very slightly contaminated, drained
A: change form in water, swift swim, stealthy swim, clever 1, mutation
resistance 1, shaggy fur 1
a: Recall Undead Slaves, Injury Mirror, Animate Dead, Drain Life, Renounce
Religion


You were in a Gauntlet.
You worshipped Yredelemnul.
Yredelemnul was greatly pleased with you.
You were near starving.

You visited 2 branches of the dungeon, and saw 12 of its levels.
You also visited: Ossuary and Gauntlet.

You collected 797 gold pieces.
You spent 217 gold pieces at shops.

Inventory:

Hand Weapons
 a - a +0 trident (weapon)
Missiles
 G - 2 throwing nets (quivered) {!f}
Armour
 b - a +2 scale mail (worn)
 g - a +0 helmet (worn)
   (You took it off Robin on level 2 of the Dungeon)
 m - the cursed +0 pair of boots "Ogaoghy" (worn) {rF+ Regen+}
   (You bought it in a shop on level 5 of the Dungeon)

   It protects you from fire.
   It increases your rate of regeneration.
   It has a curse placed upon it.
 q - a +0 pair of gloves (worn)
   (You found it on level 1 of the Dungeon)
 B - a scarf of repulsion
   (You found it in a Gauntlet)
 H - a +0 shield (worn)
 J - a +0 plate armour
   (You took it off an orc warrior on level 9 of the Dungeon)
 L - a +1 helmet of see invisible
   (You found it in a Gauntlet)
 M - the +1 pair of boots of the Castellan {rC+ MR+ Dex+2, unknown}
   (You found it in a Gauntlet)

   It affects your dexterity (+2).
   It protects you from cold.
   It affects your resistance to hostile enchantments.
Jewellery
 p - a ring of stealth (right hand)
   (You found it on level 7 of the Dungeon)
 w - an amulet of magic regeneration (around neck)
   (You found it on level 2 of the Dungeon)
 F - a ring of poison resistance (left hand)
   (You found it on level 7 of the Dungeon)
Wands
 c - a wand of disintegration (11)
   (You found it on level 9 of the Dungeon)
 n - a wand of clouds (1)
   (You found it on level 4 of the Dungeon)
Scrolls
 d - 2 scrolls of identify {@r1}
 f - 2 scrolls of fear
 k - 9 scrolls of remove curse {@r2}
 o - 2 scrolls of brand weapon {unknown}
 r - 7 scrolls of teleportation {@r4}
 s - 2 scrolls of immolation {unknown}
 u - a scroll of vulnerability {unknown}
 y - a scroll of blinking {unknown}
 A - a scroll of enchant armour
 I - a scroll of acquirement
 K - 2 scrolls of magic mapping
Potions
 h - a potion of invisibility
 i - 6 potions of curing {@q1}
 l - 4 potions of flight
 t - 2 potions of brilliance
 v - 3 potions of haste {@q3}
 x - a potion of resistance
 z - a potion of magic
 C - a potion of heal wounds {@q2}
 D - a potion of lignification {!q}
 E - a potion of cancellation
Comestibles
 e - 22 rations {!d}


   Skills:
 + Level 8.7(7.7) Fighting
 - Level 14.0(12.8) Polearms
 + Level 6.0(5.0) Armour
 * Level 10.8(9.6) Shields


You had 10 spell levels left.
You didn't know any spells.
Your spell library contained the following spells:

 Spells                   Type           Power        Failure   Level  Hunger
 Beastly Appendage        Tmut           #.....       89%         1    ##.....
 Sticks to Snakes         Tmut           #.......     96%         2    ###....
 Spider Form              Tmut/Pois      #.........   99%         3    ####...
 Cause Fear               Hex            #.........   100%        4    #####..
 Ice Form                 Ice/Tmut       #.......     100%        4    #####..
 Blade Hands              Tmut           #.........   100%        5    ######.
 Silence                  Hex/Air        #.........   100%        5    ######.
 Yara's Violent Unravell  Hex/Tmut       #.........   100%        5    ######.
 Deflect Missiles         Chrm/Air       #.........   100%        6    #######
 Discord                  Hex            #.........   100%        8    #######


Dungeon Overview and Level Annotations

Branches:
Dungeon (11/15)            Temple (1/1) D:5            Lair (0/6) D:10
    Orc (0/2) D:10

Altars:
Ashenzari
Cheibriados
Dithmenos
Elyvilon
Fedhas
Gozag
Hepliaklqana
Kikubaaqudgha
Makhleb
Nemelex Xobeh
Okawaru
Qazlal
Ru
Sif Muna
Trog
Uskayaw
Vehumet
Wu Jian
Xom
Yredelemnul
Zin
The Shining One

Shops:
D:5 [   D:10 ?

Annotations:
D:2 1 runed translucent door, Crazy Yiuf
D:5 2 transporters Gauntlet 12 transporters


Innate Abilities, Weirdness & Mutations

You revert to your normal form in water You are very nimble and swift while swimming.
You are very stealthy in the water. (Stealth+)
Your mind is acute. (Int +2)
You are somewhat resistant to further mutation.
You are covered in fur. (AC +1)


Message History

You hit the minotaur but do no damage. You block the minotaur's attack.
The minotaur gores you!
You catch the helpless minotaur completely off-guard!
You puncture the minotaur! The minotaur hits you. The minotaur gores you!
You hit the minotaur but do no damage.
The minotaur hits you but does no damage.
The minotaur gores you but does no damage.
You hit the minotaur but do no damage. You puncture the minotaur!
The minotaur hits you. The minotaur gores you!
You hit the minotaur but do no damage.
The minotaur throws a silver javelin.
You hit the minotaur but do no damage. You puncture the minotaur!
The minotaur hits you.
* * * LOW HITPOINT WARNING * * *
You block the minotaur's attack.
You hit the minotaur but do no damage. The minotaur barely misses you.
You block the minotaur's attack.
You hit the minotaur but do no damage. You completely miss the minotaur.
You block the minotaur's attack.
The minotaur gores you but does no damage.
You barely miss the minotaur.
You flicker for a moment.
You block the minotaur's attack. The minotaur gores you!
* * * LOW HITPOINT WARNING * * *
You catch the helpless minotaur completely off-guard!
You puncture the minotaur! You hit the minotaur.
You block the minotaur's attack. The minotaur completely misses you.
You catch the helpless minotaur completely off-guard!
You hit the minotaur but do no damage. You block the minotaur's attack.
The minotaur gores you.
* * * LOW HITPOINT WARNING * * *
You hit the minotaur but do no damage.
You catch the helpless minotaur completely off-guard!
You hit the minotaur but do no damage. The minotaur barely misses you.
The minotaur gores you but does no damage.
You strike the helpless minotaur from behind!
You hit the minotaur but do no damage.
The minotaur throws a silver javelin.
You block the silver javelin.
You hit the minotaur but do no damage. The minotaur hits you!
* * * LOW HITPOINT WARNING * * *
The minotaur gores you.
* * * LOW HITPOINT WARNING * * *
You are confused.
You feel invigorated.
You flicker back into view.
The minotaur hits you!!
* * * LOW HITPOINT WARNING * * *
The minotaur gores you!
You die...
Your body rises from the dead as a mindless zombie.

.................................
................≈∩≈..............
#################################
#8# #8##≈...............≈##8# #8
### ####8..©.©.©.©.©.©..8#### ##
#§...............≈#
#####.###.###.#####
###.###.###.## #....H@.......#
#.###.###.###.# #.# .# .(. .
####' ## H. ##


You could see a minotaur.

Vanquished Creatures
  Erolcha (D:9)
  A ghost crab (Gauntlet)
  A two-headed ogre (D:7)
  A catoblepas (Gauntlet)
  Psyche (D:9)
  Joseph (D:8)
  A gargoyle (Gauntlet)
  Prince Ribbit (D:6)
  Grinder (D:6)
  A hippogriff (D:11)
  Sigmund (D:2)
  A wyvern (D:8)
  A spriggan (D:7)
  A hungry ghost (D:7)
  Menkaure (D:4)
  Duvessa (D:4)
  3 orc warriors
  An ice beast (D:7)
  2 sky beasts
  A black bear (D:9)
  A necrophage (D:10)
  4 ogres
  A phantom (D:5)
  A centaur (D:10)
  A gnoll sergeant (D:8)
  5 bullfrogs
  Dowan (D:4)
  5 water moccasin zombies (Ossuary)
  2 scorpions
  5 killer bees (D:8)
  4 wights (D:8)
  2 howler monkeys (D:4)
  4 crimson imps
  A bullfrog zombie (D:7)
  2 centaur zombies
  8 jellies
  2 bullfrog skeletons
  10 orc priests
  A centaur skeleton (D:5)
  6 hounds
  9 orc wizards
  Jessica (D:2)
  2 iguanas
  Terence (D:3)
  8 worker ants
  A killer bee zombie (D:7)
  2 big kobold zombies (Ossuary)
  Robin (D:2)
  2 hound skeletons
  2 mummies (Ossuary)
  A howler monkey zombie (D:5)
  A worker ant zombie (D:10)
  A howler monkey skeleton (D:7)
  15 adders
  13 gnolls
  3 shadow imps
  4 oozes
  8 adder zombies (Ossuary)
  An adder skeleton (D:4)
  2 worms
  5 dart slugs
  4 leopard geckos
  38 orcs
  5 bats
  4 giant cockroaches
  2 gnoll zombies (Ossuary)
  17 goblins
  8 hobgoblins
  3 jackals (D:5)
  7 quokkas
  2 ball pythons
  A frilled lizard (D:3)
  3 hobgoblin zombies (Ossuary)
  12 kobolds
  4 kobold zombies (Ossuary)
  A leopard gecko skeleton (D:4)
  3 orc zombies (Ossuary)
  A quokka skeleton (D:6)
  9 rats
  A withered plant (Gauntlet)
297 creatures vanquished.

Vanquished Creatures (collateral kills)
  An orc warrior (D:9)
  A scorpion (D:9)
  An orc wizard (D:9)
  A hound skeleton (D:9)
  2 orcs (D:9)
6 creatures vanquished.

Vanquished Creatures (others)
  A sky beast (D:10)
  A bat (D:1)
  4 withered plants (Gauntlet)
6 creatures vanquished.

Grand Total: 309 creatures vanquished

Notes
Turn   | Place    | Note
-------+----------+-------------------------------------------
     0 | D:1      | MalarOregon the Merfolk Fighter began the quest for the
                  | Orb.
     0 | D:1      | Reached XP level 1. HP: 18/18 MP: 1/1
   165 | D:1      | Reached XP level 2. HP: 17/24 MP: 2/2
   263 | D:1      | Reached XP level 3. HP: 25/29 MP: 3/3
   371 | D:1      | Reached skill level 4 in Polearms
   905 | D:2      | Reached XP level 4. HP: 37/37 MP: 4/4
   925 | D:2      | Noticed Jessica
   940 | D:2      | Killed Jessica
  1184 | D:2      | Reached XP level 5. HP: 38/42 MP: 5/5
  1277 | D:2      | Noticed Robin
  1288 | D:2      | Killed Robin
  1288 | D:2      | Reached skill level 5 in Polearms
  1481 | D:2      | Found a runed translucent door.
  1482 | D:2      | Noticed Crazy Yiuf
  1536 | D:2      | Found a white marble altar of Elyvilon.
  1537 | D:2      | Found a radiant altar of Vehumet.
  1537 | D:2      | Noticed Sigmund
  1545 | D:2      | Killed Sigmund
  1545 | D:2      | Reached skill level 6 in Polearms
  1545 | D:2      | Reached XP level 6. HP: 38/48 MP: 6/6
  2147 | D:3      | Noticed Terence
  2149 | D:3      | Found a burning altar of Makhleb.
  2158 | D:3      | Killed Terence
  2169 | D:3      | Found a sparkling altar of Nemelex Xobeh.
  3034 | D:3      | Reached skill level 5 in Shields
  3034 | D:3      | Reached XP level 7. HP: 31/55 MP: 7/7
  3206 | D:3      | Reached skill level 7 in Polearms
  3676 | D:4      | Noticed Menkaure
  3836 | D:4      | Killed Menkaure
  3836 | D:4      | Reached skill level 5 in Fighting
  3841 | D:4      | Reached XP level 8. HP: 44/62 MP: 8/8
  3848 | D:4      | Reached skill level 8 in Polearms
  4205 | D:4      | Noticed Duvessa
  4205 | D:4      | Noticed Dowan
  4220 | D:4      | Killed Duvessa
  4226 | D:4      | Killed Dowan
  4598 | D:5      | Entered Level 5 of the Dungeon
  4612 | D:5      | Gained mutation: Your mind is acute. (Int +2) [potion of
                  | mutation]
  4612 | D:5      | Gained mutation: You are covered in fur. (AC +1) [potion of
                  | mutation]
  4612 | D:5      | Gained mutation: You are somewhat resistant to further
                  | mutation. [potion of mutation]
  4619 | D:5      | Reached skill level 9 in Polearms
  5247 | D:5      | Found a transporter.
  5267 | D:5      | Found a transporter.
  5328 | D:5      | Found a staircase to the Ecumenical Temple.
  5355 | D:5      | Reached XP level 9. HP: 45/69 MP: 9/9
  5365 | Temple   | Entered the Ecumenical Temple
  5615 | Temple   | Became a worshipper of Yredelemnul the Dark
  5748 | D:5      | Found Ynumed's Armour Shop.
  5756 | D:5      | Bought the cursed +0 pair of boots "Ogaoghy" {rF+ Regen+}
                  | for 217 gold pieces
  6155 | D:6      | Noticed Prince Ribbit
  6173 | D:6      | Reached skill level 10 in Polearms
  6214 | D:6      | Killed Prince Ribbit
  6391 | D:6      | Noticed Grinder
  6391 | D:6      | Paralysed by Grinder for 5 turns
  6406 | D:6      | Paralysed by Grinder for 7 turns
  6430 | D:6      | Paralysed by Grinder for 5 turns
  6437 | D:6      | Killed Grinder
  6460 | D:6      | Identified a scroll of acquirement
  6461 | D:6      | Got a twisted buckler
  6472 | D:6      | Identified the -5 buckler of Hepliaklqana's Favour {Int+6
                  | Dex+2} (You acquired it on level 6 of the Dungeon)
  6990 | D:7      | Found an iron altar of Okawaru.
  7196 | D:7      | Found a sand-covered staircase.
  7206 | Ossuary  | Entered an ossuary
  7248 | Ossuary  | Reached skill level 11 in Polearms
  7285 | Ossuary  | Reached * piety under Yredelemnul
  7564 | D:7      | Found a stormy altar of Qazlal.
  7596 | D:7      | Reached ** piety under Yredelemnul
  7618 | D:7      | Reached XP level 10. HP: 60/79 MP: 10/10
  7706 | D:7      | Found a shimmering altar of Xom.
  7798 | D:7      | Found an opulent altar of Gozag.
  7824 | D:7      | Found a glowing golden altar of the Shining One.
  8135 | D:8      | Noticed a two-headed ogre
  8153 | D:8      | HP: 2/79 [orc priest/divine providence (16)]
  8321 | D:7      | Killed a two-headed ogre
  8321 | D:7      | Reached skill level 12 in Polearms
  8321 | D:7      | Reached skill level 5 in Armour
  8674 | D:8      | Noticed Joseph
  8703 | D:8      | Killed Joseph
  8915 | D:8      | Reached *** piety under Yredelemnul
  9491 | D:9      | Noticed Psyche
  9571 | D:10     | Entered Level 10 of the Dungeon
  9662 | D:9      | Killed Psyche
  9662 | D:9      | Reached skill level 13 in Polearms
  9716 | D:9      | Found a blossoming altar of Fedhas.
  9823 | D:9      | Noticed Erolcha
  9824 | D:9      | Paralysed by Erolcha for 4 turns
  9828 | D:9      | Killed Erolcha
  9828 | D:9      | Reached skill level 10 in Shields
  9828 | D:9      | Reached XP level 11. HP: 70/86 MP: 11/11
 10423 | D:10     | Found a staircase to the Lair.
 10507 | D:10     | Found Qushuogo's Magic Scroll Emporium.
 10617 | D:10     | Found a staircase to the Orcish Mines.
 10834 | D:11     | Reached **** piety under Yredelemnul
 10957 | D:11     | Received a gift from Yredelemnul (3 flying skulls)
 10980 | D:11     | Found a gate leading to a gauntlet.
 10993 | Gauntlet | Entered a Gauntlet
 10993 | Gauntlet | Found a transporter.
 11000 | Gauntlet | Noticed a catoblepas
 11001 | Gauntlet | Found a transporter.
 11003 | Gauntlet | Found a transporter.
 11005 | Gauntlet | Found a transporter.
 11022 | Gauntlet | Found a transporter.
 11035 | Gauntlet | Found a transporter.
 11040 | Gauntlet | Found a transporter.
 11055 | Gauntlet | Found a transporter.
 11066 | Gauntlet | Noticed a death ooze
 11074 | Gauntlet | Found a transporter.
 11085 | Gauntlet | Noticed a fire crab
 11086 | Gauntlet | Found a transporter.
 11109 | Gauntlet | Found a transporter.
 11109 | Gauntlet | Noticed a ghost crab
 11115 | Gauntlet | Found a transporter.
 11128 | Gauntlet | Noticed a sixfirhy
 11130 | Gauntlet | Noticed a sixfirhy
 11132 | Gauntlet | Found a transporter.
 11138 | Gauntlet | Found a transporter.
 11140 | Gauntlet | Found a transporter.
 11149 | Gauntlet | Noticed a sixfirhy
 11155 | Gauntlet | Noticed a glowing orange brain
 11157 | Gauntlet | Found a transporter.
 11160 | Gauntlet | Noticed a glowing orange brain
 11161 | Gauntlet | Noticed a purple ugly thing
 11163 | Gauntlet | Found a transporter.
 11163 | Gauntlet | Noticed a cyan ugly thing
 11206 | Gauntlet | Found a transporter.
 11272 | Gauntlet | Killed a catoblepas
 11272 | Gauntlet | Reached skill level 14 in Polearms
 11602 | Gauntlet | Noticed a spectral anaconda
 11615 | Gauntlet | Killed a ghost crab
 11628 | Gauntlet | Got a pair of warped boots
 11726 | Gauntlet | Noticed a minotaur
 11762 | Gauntlet | HP: 4/87 [minotaur (20)]
 11762 | Gauntlet | Slain by a minotaur

Skill      XL: |  1  2  3  4  5  6  7  8  9 10 11 |
---------------+----------------------------------+-----
Polearms       | 4 6 7 9 11 13 14 | 14.0
Shields        | 4 5 7 8 10 | 10.8
Fighting       | 4 5 7 8 |  8.7
Armour         | 3 4 5 6 |  6.0

Action                   |  1- 3 |  4- 6 |  7- 9 | 10-12 || total
-------------------------+-------+-------+-------+-------++-------
Melee: Trident           |   111 |   221 |   722 |   665 ||  1719
Evoke: Wand              |       |       |     1 |    10 ||    11
  Use: Potion            |     3 |       |     5 |     6 ||    14
       Scroll            |       |       |    14 |     7 ||    21
 Stab: Petrified         |       |       |       |     4 ||     4
       Confused          |       |       |       |     2 ||     2
       Invisible         |       |       |       |     8 ||     8
  Eat: Chunk             |       |     7 |     9 |    18 ||    34
       Ration            |       |       |     2 |       ||     2
Armor: Scale mail        |    52 |    54 |   154 |   166 ||   426
       Skin              |       |       |     4 |       ||     4
Dodge: Dodged            |    35 |    62 |    86 |   109 ||   292
Block: Shield            |    52 |   101 |   243 |   240 ||   636
